 Dungeon Crawl Stone Soup version 0.20-a0-465-g6513c8f (webtiles) character file.

512 M4edhros the Covert (level 7, -6/43 HPs)
             Began as an Octopode Artificer on Jan 12, 2017.
             Killed themself with a badly aimed iceblast (15 damage)
             ... on level 4 of the Dungeon.
             The game lasted 00:03:07 (2045 turns).

M4edhros the Covert (Octopode Artificer)            Turns: 2045, Time: 00:03:07

Health: -6/43      AC:  1    Str: 14    XL:     7   Next: 19%
Magic:  9/9        EV: 13    Int: 14    God:
Gold:   93         SH:  0    Dex: 14    Spells: 6/6 levels left

rFire  . . .     SeeInvis .     j - +0 trident
rCold  . . .     Gourm    .     (no shield)
rNeg   . . .     Faith    .     (helmet restricted)
rPois  .         Spirit   .     (no amulet)
rElec  .         Reflect  .     e - +3 ring of strength
rCorr  .         Harm     .     (no ring)
MR     .....                    (no ring)
Stlth  +++++.....               (no ring)
                                (no ring)
                                (no ring)
                                (no ring)
                                (no ring)

@: no status effects
A: almost no armour, stealthy swim, amphibious, 8 rings, constrict 8, camouflage
1, gelatinous body 1
a: no special abilities


You were on level 4 of the Dungeon.
You were not hungry.

You visited 1 branch of the dungeon, and saw 4 of its levels.

You collected 93 gold pieces.

Inventory:

Hand Weapons
 a - a +0 short sword
 j - a +0 trident (weapon)
 q - a +0 hunting sling
Missiles
 i - 69 stones (quivered)
 k - a throwing net
Jewellery
 e - a +3 ring of strength (left tentacle)
Wands
 b - a wand of flame (9/48)
 c - a wand of enslavement (10/24)
 d - a wand of random effects (3/48)
 l - a wand of lightning (5/15)
 o - a wand of acid (5/15)
Scrolls
 m - a scroll of enchant weapon {unknown}
Books
 h - a book of Minor Magic

   Spells                             Type                      Level
   a - Magic Dart                     Conjuration                  1
   b - Blink                          Translocation                2
   c - Call Imp                       Summoning                    2
   d - Repel Missiles                 Charms/Air                   2
   e - Slow                           Hexes                        2
   f - Conjure Flame                  Conjuration/Fire             3
   g - Mephitic Cloud                 Conjuration/Poison/Air       3
Comestibles
 f - 2 bread rations
 g - a beef jerky
 n - a meat ration
 p - 2 chunks of flesh


   Skills:
 - Level 1.0 Fighting
 - Level 1.0 Short Blades
 - Level 2.0 Dodging
 + Level 10.5 Stealth
 - Level 3.2 Evocations


You had 6 spell levels left.
You didn't know any spells.

Dungeon Overview and Level Annotations

Branches:
Dungeon (4/15)
 Temple: D:4-7

Altars:
Trog
Uskayaw


Innate Abilities, Weirdness & Mutations

You cannot wear most types of armour.
You are very stealthy in the water. (Stealth+)
You are amphibious.
You can wear up to eight rings at the same time.
You can use your tentacles to constrict eight enemies at once.
Your skin changes colour to match your surroundings (Stealth+).
Your rubbery body absorbs attacks. (AC +1, EV +1)


Message History

You swing at nothing.
Something hits you but does no damage.
You closely miss something. Something hits you.
You closely miss something. Something hits you.
You miss something. Something hits you.
You hear some strange, mumbled words.
A magic dart appears from out of thin air!
The magic dart hits you!
You closely miss something. Something hits you but does no damage.
You barely miss something. Your squeeze misses something.
You hear some strange, mumbled words.
A puff of flame appears from out of thin air!
The puff of flame hits you!
* * * LOW HITPOINT WARNING * * *
You aren't carrying any potions.
Evoke which item? (* to show all) (? for menu, Esc to quit)
Aiming: Random Effects
Press: ? - help, Shift-Dir - straight line, f - you The mass of ice explodes!
The iceblast engulfs something.
The iceblast engulfs you!
You die...

#.## #.##.#.# #......#.# #.#
#.##.#.### #.#...##.# #.#
#.##.....# #..†.....# #+##
#.####.#.# #####†#### ...##
#.####.#.# #.# # ....##
#......#.# ###.##### ##
.....######.###.# #.......# ##.
......####...##.#####.#.....###..
....[.+.........@..)..........'..
......####...##.#####.#.....###..
.....## ##.###.####...#..#.# ##.
..<.## ### #.##..._...##.# ##
...## #.##..........# # #'##
#.#..........## #.#
.#.....8.....# #.#
###.........####### #.##
##...............


There were no monsters in sight!

Vanquished Creatures
  Duvessa (D:4)
  An ogre (D:4)
  Dowan (D:4)
  4 orc priests
  A hound (D:4)
  An iguana (D:4)
  A worker ant (D:4)
  A gnoll (D:4)
  An ooze (D:2)
  7 orcs
  3 bats
  A giant cockroach (D:3)
  A goblin (D:1)
  2 hobgoblins
  2 jackals (D:3)
  A ball python (D:4)
  2 frilled lizards
  4 kobolds (D:2)
  2 rats (D:2)
37 creatures vanquished.

Vanquished Creatures (collateral kills)
  An orc priest (D:4)
  An orc (D:4)
2 creatures vanquished.

Vanquished Creatures (others)
  3 gnolls (D:4)
3 creatures vanquished.

Grand Total: 42 creatures vanquished

Notes
Turn   | Place    | Note
-------+----------+-------------------------------------------
     0 | D:1      | M4edhros the Octopode Artificer began the quest for the Orb.
     0 | D:1      | Reached XP level 1. HP: 13/13 MP: 3/3
    23 | D:1      | Reached skill level 2 in Stealth
    93 | D:1      | You fall through a shaft!
   413 | D:2      | Reached skill level 3 in Stealth
   413 | D:2      | Reached XP level 2. HP: 9/18 MP: 4/4
   649 | D:3      | Reached skill level 4 in Stealth
   651 | D:3      | Reached XP level 3. HP: 19/23 MP: 5/5
   653 | D:3      | Reached skill level 5 in Stealth
   679 | D:3      | Reached XP level 4. HP: 23/28 MP: 6/6
   751 | D:4      | Reached skill level 6 in Stealth
   756 | D:4      | Reached XP level 5. HP: 12/33 MP: 7/7
   944 | D:4      | Found a hide-covered altar of Uskayaw.
   947 | D:4      | Found a bloodstained altar of Trog.
   999 | D:4      | Reached skill level 7 in Stealth
  1235 | D:4      | Noticed Duvessa
  1239 | D:4      | Noticed Dowan
  1245 | D:4      | Killed Duvessa
  1245 | D:4      | Reached skill level 8 in Stealth
  1245 | D:4      | Reached XP level 6. HP: 12/38 MP: 8/8
  1498 | D:4      | Killed Dowan
  1498 | D:4      | Reached skill level 9 in Stealth
  1871 | D:4      | Reached skill level 10 in Stealth
  1953 | D:4      | Noticed a phantom
  2035 | D:4      | Reached XP level 7. HP: 37/43 MP: 9/9
  2045 | D:4      | Killed themself with a badly aimed iceblast

Vault maps used:
D:1:      minmay_arrival_arboretum_small, minivault_26
D:2:      cheibriados_altar_1
D:3:      old_standard_altar
D:4:      grunt_temple_overflow_open, first_bread, uniq_duvessa

Skill      XL: |  1  2  3  4  5  6 |
---------------+-------------------+-----
Stealth        | 3 4 5 6 8 10 | 10.5
Fighting       | |  1.0
Short Blades   | |  1.0
Dodging        | |  2.0
Evocations     | |  3.2

Action                   |  1- 3 |  4- 6 |  7- 9 || total
-------------------------+-------+-------+-------++-------
Melee: Short sword       |    44 |    17 |       ||    61
       Constrict         |     8 |    15 |       ||    23
       Tentacles         |     8 |    11 |       ||    19
       Trident           |       |    34 |     5 ||    39
Evoke: Wand              |     2 |    20 |     1 ||    23
  Use: Potion            |     1 |       |       ||     1
 Stab: Sleeping          |     3 |     1 |       ||     4
  Eat: Chunk             |       |     2 |       ||     2
       Beef jerky        |       |     1 |       ||     1
Armor: Skin              |     5 |     3 |       ||     8
Dodge: Dodged            |    21 |    33 |       ||    54
